 Dungeon Sprint DCSS version 0.30-a0-1155-gf8af5b4991 (webtiles) character file.

Game seed: 12482182976723959292

62536 Jewman the Executioner (level 14, -10/131 HPs)
             Began as a Demonspawn Fighter on Apr 24, 2023.
             Was the Champion of Qazlal.
             Mangled by an Orb Guardian (23 damage)
             ... in the Dungeon (Sprint IX: "|||||||||||||||||||||||||||||").
             The game lasted 00:19:39 (4654 turns).

Jewman the Executioner (Demonspawn Fighter)         Turns: 4654, Time: 00:19:40

Health: -10/131    AC: 29    Str: 23    XL:     14   Next: 64%
Magic:  14/14      EV: 19    Int: 18    God:    Qazlal [******]
Gold:   1879       SH: 32    Dex: 20    Spells: 13/13 levels left

rFire   . . .        n - +1 broad axe of Chance {drain, rPois rN+ Int+4}
rCold   . . .        d - +4 kite shield
rNeg    + . .        i - +5 ring mail of Resourcefulness {Dex+5}
rPois   +            (helmet restricted)
rElec   .            (no cloak)
rCorr   .            A - +1 pair of gloves
SInv    .            a - +2 pair of boots
Will    +....        (no amulet)
Stlth   +            q - +3 ring of intelligence
HPRegen 0.41/turn    r - +3 ring of intelligence
MPRegen 0.14/turn

%: no teleportation, repel missiles
@: protected from physical damage, slowed, very slow
A: horns 1, slimy green scales 3, icemail 1, spiny 2, condensation shield,
strong 1
a: Renounce Religion, Upheaval, Elemental Force, Disaster Area


You were in the Dungeon.
You worshipped Qazlal.
Qazlal was exalted by your worship.
You visited 1 branch You collected 1944 gold pieces.
You spent 65 gold pieces at shops.

Inventory:

Hand Weapons
 n - the +1 broad axe of Chance (weapon) {drain, rPois rN+ Int+4}
   (You found it in the Dungeon)

   Int:       It affects your intelligence (+4).
   rPois:     It protects you from poison.
   rN:        It protects you from negative energy.
 z - a +3 broad axe
Armour
 a - a +2 pair of boots (worn)
 d - a +4 kite shield (worn)
 i - the +5 ring mail of Resourcefulness (worn) {Dex+5}
   (You found it in the Dungeon)

   Dex:       It affects your dexterity (+5).
 A - a +1 pair of gloves (worn)
Jewellery
 q - a +3 ring of intelligence (left hand)
 r - a +3 ring of intelligence (right hand)
 v - a ring of ice
 w - a ring of protection from fire
 x - a ring of ice
 y - a ring of wizardry
Wands
 m - a wand of light (23)
Scrolls
 l - 2 scrolls of amnesia
Potions
 b - 3 potions of brilliance
 h - 4 potions of magic
 p - a potion of lignification


   Skills:
 * Level 18.7 Fighting
 * Level 23.9 Axes
 - Level 2.7(16.1) Maces & Flails
 * Level 11.5 Armour
 * Level 12.0 Dodging
 + Level 7.3 Stealth
 * Level 19.2 Shields


You had 13 spell levels left.
You didn't know any spells.
Your spell library contained the following spells:

 Spells                   Type           Power      Damage    Failure   Level
 Shock                    Conj/Air       0%         1d3       38%         1
 Swiftness                Air            0%         N/A       77%         3
 Airstrike                Air            0%         2d(0-16)  99%         4


Dungeon Overview and Level Annotations

Branches:
Dungeon (1/1)

Altars:
Cheibriados
Dithmenos
Fedhas
Gozag
Hepliaklqana
Kikubaaqudgha
Makhleb
Nemelex Xobeh
Okawaru
Qazlal
Ru
Sif Muna
Trog
Uskayaw
Vehumet
Wu Jian
Xom
Yredelemnul
Jiyva
Lugonu

Shops:
D :?:*


Innate Abilities, Weirdness & Mutations

You have a pair of small horns on your head.
You are completely covered in slimy green scales. (AC +4, rPois)
A meltable icy envelope protects you from harm. (AC +4)
You are mostly covered in sharp spines.
A meltable shield of frost defends you. (SH +4)
Your muscles are strong. (Str +4, Int/Dex -1)


Message History

You feel as though you will be slow longer.
Something touches you but does no damage.
You barely miss something. Your headbutt misses something.
The Orb Guardian no longer looks unusually strong.
A lich appears from thin air!
Reactivating autopickup.
A lich comes into view.
The lich barely misses you.
You hit the lich.
The lich is severely damaged.
The deep elf demonologist is recalled.
The vault guard is recalled.
The Orb Guardian is recalled.
You block the lich's attack.
A deep elf demonologist comes into view.
It is wielding a +0 short sword.
The deep elf demonologist casts a spell.
The lich touches you but does no damage.
A vault guard and an Orb Guardian come into view.
You slash the lich! Your headbutt misses the lich.
The lich is almost destroyed.
You block the lich's attack. x2
You slice the lich!!
You destroy the lich!
Qazlal accepts your kill.
Your life force feels restored.
Your Dodging skill increases to level 12!
You slice the Orb Guardian!! You drain the Orb Guardian.
Your headbutt misses the Orb Guardian.
The Orb Guardian is moderately wounded.
The bat no longer looks unusually strong.
You block the Orb Guardian's attack. The Orb Guardian hits you!
* * * LOW HITPOINT WARNING * * *
You feel more protected from physical attacks.
You completely miss the Orb Guardian. You headbutt the Orb Guardian.
The Orb Guardian is heavily wounded.
You block the Orb Guardian's attack.
You slash the Orb Guardian! Your headbutt misses the Orb Guardian.
The Orb Guardian is heavily wounded.
You block the Orb Guardian's attack.
The ironbound convoker points at the bat and mumbles some strange words.
The bat seems to grow stronger.
The Orb Guardian hits you!!
You die...

▓[▓.♣.♣.▓)▓.▓)▓.▓.
▓G▓.♣'♣.▓.▓.▓)▓.▓.
▓b▓.▓)▓.▓.▓.▓)▓.▓.
▓p▓.▓.▓.▓.▓.▓)▓.▓(
▓X▓.▓.▓.▓)▓.▓.▓.▓.
▓e▓.▓.▓.▓.▓.▓.▓.▓.
▓p▓.▓.▓.▓.▓.▓.▓.▓.
▓X▓.▓.▓.▓'▓.▓.▓.▓.
▓@▓)▓.▓.▓.▓.▓)▓.▓.
▓.▓(▓.▓.▓.▓.▓.▓)▓'
▓.▓.▓.▓.▓.▓.▓.▓.▓.
▓.▓.▓.▓.▓.▓.▓.▓.▓.
▓.▓.▓.▓.▓.▓.▓.▓.▓.
▓.▓.▓.▓.▓.▓.▓.▓.▓.
▓.▓.▓.▓.▓.▓.▓.▓.▓.
▓.▓.▓.▓.▓.▓.▓)▓.▓.
▓...▓...▓...▓...▓.


You could see 2 Orb Guardians, a vault guard, a glowing orange brain, a deep elf
demonologist, an ironbound convoker (catching breath) and a bat (summoned,
strong).

Vanquished Creatures
  A lich (D)
  Donald (D)
  A storm dragon (D)
  2 frost giants (D)
  A fire giant (D)
  2 vault wardens (D)
  2 ironbound preservers (D)
  2 ghost moths (D)
  2 very ugly things (D)
  2 stone giants (D)
  A bunyip (D)
  A dire elephant (D)
  3 ettins (D)
  Snorg (D)
  2 great orbs of eyes (D)
  A merfolk javelineer (D)
  2 fire dragons (D)
  A salamander tyrant (D)
  2 vault guards (D)
  3 rakshasas (D)
  2 ogre magi (D)
  A catoblepas (D)
  A spriggan air mage (D)
  An ice dragon (D)
  A jorogumo (D)
  2 centaur warriors (D)
  A satyr (D)
  A boulder beetle (D)
  8 two-headed ogres (D)
  2 deep troll shamans (D)
  Urug (D)
  A vampire mage (D)
  A deep troll earth mage (D)
  Sonja (D)
  A shock serpent (D)
  A pharaoh ant (D)
  A goliath frog (D)
  A spriggan druid (D)
  A naga ritualist (D)
  2 glowing orange brains (D)
  2 steelbarb worms (D)
  A bog body (D)
  A harpy (D)
  2 ironbound convokers (D)
  A wizard (D)
  2 swamp dragons (D)
  2 orc knights (D)
  A lindwurm (D)
  An orc sorcerer (D)
  2 deep elf pyromancers (D)
  A cyclops (D)
  A wolf spider (D)
  2 ugly things (D)
  A will-o-the-wisp (D)
  3 manticores (D)
  A guardian serpent (D)
  2 cane toads (D)
  A vault sentinel (D)
  Maurice (D)
  5 black mambas (D)
  A torpor snail (D)
  A kobold demonologist (D)
  Psyche (D)
  2 komodo dragons (D)
  An efreet (D)
  A tengu conjurer (D)
  A rime drake (shapeshifter) (D)
  A polar bear (D)
  A merfolk (D)
  A wind drake (D)
  A blink frog (D)
  A tarantella (D)
  A tyrant leech (D)
  A dream sheep (D)
  3 slime creatures (D)
  A culicivora (D)
  A water elemental (D)
  A vampire (D)
  2 wyverns (D)
  2 yaks (D)
  A basilisk (D)
  A warg (D)
  A vampire mosquito (D)
  A hell hound (D)
  A naga (D)
  3 water moccasins (D)
  9 orc warriors (D)
  4 ogres (D)
  7 wolves (D)
  A bullfrog (D)
  A wight (D)
  A killer bee (D)
  4 orc priests (D)
  3 orc wizards (D)
  2 adders (D)
  A gnoll (D)
  A shadow imp (D)
  7 orcs (D)
  A ball python (D)
  An endoplasm (D)
  A goblin (D)
  2 hobgoblins (D)
  A quokka (D)
177 creatures vanquished.

Vanquished Creatures (others)
  A vampire (D)
  A foxfire (D)
2 creatures vanquished.

Grand Total: 179 creatures vanquished

Notes
Turn   | Place    | Note
-------+----------+-------------------------------------------
     0 | D        | Jewman the Demonspawn Fighter began the quest for the Orb.
     0 | D        | Reached XP level 1. HP: 18/18 MP: 1/1
    38 | D        | Gained mutation: You are partially covered in sharp spines.
                  | [demonic ancestry]
    38 | D        | Reached XP level 2. HP: 6/25 MP: 2/2
    47 | D        | Reached XP level 3. HP: 20/31 MP: 3/3
    89 | D        | Found a snail-covered altar of Cheibriados.
    89 | D        | Found a shadowy altar of Dithmenos.
    89 | D        | Found a blossoming altar of Fedhas.
    89 | D        | Found an opulent altar of Gozag.
    90 | D        | Found a hazy altar of Hepliaklqana.
    91 | D        | Found a viscous altar of Jiyva.
    92 | D        | Found an ancient bone altar of Kikubaaqudgha.
    93 | D        | Found a corrupted altar of Lugonu.
    94 | D        | Found a burning altar of Makhleb.
    95 | D        | Found a sparkling altar of Nemelex Xobeh.
    96 | D        | Found an iron altar of Okawaru.
    97 | D        | Found a stormy altar of Qazlal.
    98 | D        | Found a sacrificial altar of Ru.
    99 | D        | Found a shimmering blue altar of Sif Muna.
   100 | D        | Found a bloodstained altar of Trog.
   101 | D        | Found a hide-covered altar of Uskayaw.
   102 | D        | Found a radiant altar of Vehumet.
   103 | D        | Found an ornate altar of the Wu Jian Council.
   104 | D        | Found a shimmering altar of Xom.
   105 | D        | Found a basalt altar of Yredelemnul.
   107 | D        | Became a worshipper of Qazlal Stormbringer
   130 | D        | Got the +1 broad axe of Chance {drain, rPois rN+ Int+4}
   367 | D        | Noticed a killer bee
   367 | D        | Noticed a yak
   367 | D        | Noticed a kobold demonologist
   367 | D        | Noticed a yak
   367 | D        | Noticed a wight
   367 | D        | Noticed an orc warrior
   376 | D        | Killed an orc warrior
   377 | D        | Reached skill level 5 in Fighting
   377 | D        | Reached skill level 2 in Axes
   377 | D        | Reached skill level 5 in Armour
   377 | D        | Reached skill level 1 in Dodging
   377 | D        | Reached skill level 5 in Shields
   377 | D        | Gained mutation: You are partially covered in slimy green
                  | scales. (AC +2) [demonic ancestry]
   377 | D        | Reached XP level 4. HP: 40/40 MP: 4/4
   377 | D        | Gained mutation: You are mostly covered in slimy green
                  | scales. (AC +3) [demonic ancestry]
   377 | D        | Reached XP level 5. HP: 46/46 MP: 5/5
   378 | D        | Reached skill level 3 in Axes
   382 | D        | Killed a yak
   382 | D        | Reached * piety under Qazlal
   383 | D        | Reached skill level 5 in Axes
   383 | D        | Reached XP level 6. HP: 34/53 MP: 6/6
   388 | D        | Killed a kobold demonologist
   389 | D        | Reached skill level 7 in Axes
   389 | D        | Gained mutation: You have a pair of small horns on your
                  | head. [demonic ancestry]
   389 | D        | Reached XP level 7. HP: 40/60 MP: 7/7
   392 | D        | Killed a yak
   393 | D        | Reached skill level 8 in Axes
   395 | D        | Reached ** piety under Qazlal
   410 | D        | Noticed a cyclops
   410 | D        | Noticed a purple ugly thing
   410 | D        | Noticed a centaur warrior
   410 | D        | Noticed a centaur warrior
   410 | D        | Noticed a vampire
   410 | D        | Noticed a vampire
   414 | D        | Killed a vampire
   415 | D        | Reached skill level 9 in Axes
   419 | D        | Killed a vampire
   430 | D        | Killed a centaur warrior
   431 | D        | Reached skill level 11 in Axes
   431 | D        | Gained mutation: A meltable shield of frost defends you.
                  | (SH +4) [demonic ancestry]
   431 | D        | Reached XP level 8. HP: 69/69 MP: 8/8
   434 | D        | Killed a centaur warrior
   435 | D        | Reached skill level 12 in Axes
   435 | D        | Gained mutation: A meltable icy envelope protects you from
                  | harm. (AC +4) [demonic ancestry]
   435 | D        | Reached XP level 9. HP: 76/76 MP: 9/9
   441 | D        | Killed a purple ugly thing
   441 | D        | Reached *** piety under Qazlal
   442 | D        | Reached skill level 13 in Axes
   448 | D        | Killed a cyclops
   578 | D        | Got the +5 ring mail of Resourcefulness {Dex+5}
   606 | D        | Gained mutation: Your spells are a little harder to cast,
                  | but a little more powerful. [potion of mutation]
   606 | D        | Lost mutation: Your spells are a little harder to cast, but
                  | a little more powerful. [potion of mutation]
   606 | D        | Gained mutation: Your muscles are strong. (Str +4, Int/Dex
                  | -1) [potion of mutation]
   609 | D        | Noticed a komodo dragon
   609 | D        | Noticed a komodo dragon
   610 | D        | Noticed a boulder beetle
   612 | D        | Reached skill level 14 in Axes
   615 | D        | Killed a komodo dragon
   615 | D        | Noticed a cane toad
   617 | D        | Reached **** piety under Qazlal
   631 | D        | Killed a boulder beetle
   632 | D        | Reached skill level 15 in Axes
   632 | D        | Reached XP level 10. HP: 72/85 MP: 10/10
   641 | D        | Killed a cane toad
   641 | D        | Reached ***** piety under Qazlal
   642 | D        | Reached skill level 10 in Fighting
   654 | D        | Reached skill level 16 in Axes
   664 | D        | Noticed a cane toad
   664 | D        | Noticed a catoblepas
   683 | D        | Reached skill level 1 in Stealth
   687 | D        | Noticed a black mamba
   700 | D        | Killed a catoblepas
   707 | D        | Reached skill level 5 in Dodging
   711 | D        | Killed a cane toad
   714 | D        | Killed a black mamba
   714 | D        | Reached ****** piety under Qazlal
   715 | D        | Reached skill level 17 in Axes
   790 | D        | Noticed Urug
   802 | D        | Killed Urug
   803 | D        | Reached XP level 11. HP: 77/92 MP: 11/11
   847 | D        | Noticed Sonja
   857 | D        | Killed Sonja
   858 | D        | Reached skill level 18 in Axes
   881 | D        | Noticed Psyche
   882 | D        | Noticed Maurice
   889 | D        | Killed Psyche
   896 | D        | Killed Maurice
  1025 | D        | Noticed an orc knight
  1034 | D        | Killed an orc knight
  1035 | D        | Reached skill level 10 in Shields
  1044 | D        | Noticed an orc sorcerer
  1056 | D        | Noticed an orc knight
  1067 | D        | Killed an orc sorcerer
  1246 | D        | Killed an orc knight
  1247 | D        | Reached skill level 19 in Axes
  1291 | D        | Found Nifyp's General Store.
  1291 | D        | Noticed a two-headed ogre
  1291 | D        | Noticed a two-headed ogre
  1291 | D        | Noticed a two-headed ogre
  1291 | D        | Noticed a two-headed ogre
  1296 | D        | Killed a two-headed ogre
  1322 | D        | Killed a two-headed ogre
  1335 | D        | Killed a two-headed ogre
  1341 | D        | Killed a two-headed ogre
  1343 | D        | Noticed a two-headed ogre
  1351 | D        | Killed a two-headed ogre
  1362 | D        | Noticed a two-headed ogre
  1364 | D        | Noticed a two-headed ogre
  1371 | D        | Killed a two-headed ogre
  1380 | D        | Killed a two-headed ogre
  1381 | D        | Reached skill level 20 in Axes
  1381 | D        | Gained mutation: You are mostly covered in sharp spines.
                  | [demonic ancestry]
  1381 | D        | Reached XP level 12. HP: 87/103 MP: 12/12
  1381 | D        | Found Qudozxol's Book Shop.
  1385 | D        | Found Uppages's Magic Scroll Boutique.
  1389 | D        | Found Fuywn's Book Shop.
  1393 | D        | Noticed an ogre mage
  1396 | D        | Noticed a two-headed ogre
  1400 | D        | Killed an ogre mage
  1405 | D        | Killed a two-headed ogre
  1460 | D        | Bought a potion of heal wounds for 65 gold pieces
  1631 | D        | Noticed an ogre mage
  1639 | D        | Paralysed by something for 2 turns
  1646 | D        | Killed an ogre mage
  1646 | D        | Noticed a red very ugly thing
  1654 | D        | Noticed a fire dragon
  1659 | D        | Noticed an ettin
  1663 | D        | Killed a red very ugly thing
  1696 | D        | Reached skill level 5 in Stealth
  1705 | D        | Killed a fire dragon
  1711 | D        | Killed an ettin
  1720 | D        | Reached skill level 21 in Axes
  1722 | D        | Noticed a spriggan air mage
  1730 | D        | Killed a spriggan air mage
  1800 | D        | Noticed a deep troll shaman
  1974 | D        | Killed a deep troll shaman
  1979 | D        | Noticed an ettin
  1989 | D        | Killed an ettin
  2161 | D        | Noticed Snorg
  2168 | D        | Killed Snorg
  2223 | D        | Noticed a bunyip
  2241 | D        | Killed a bunyip
  2251 | D        | Reached XP level 13. HP: 49/114 MP: 13/13
  2261 | D        | Reached skill level 15 in Fighting
  2490 | D        | Reached skill level 22 in Axes
  2597 | D        | Noticed a merfolk javelineer
  2613 | D        | Killed a merfolk javelineer
  2625 | D        | Reached skill level 15 in Shields
  2920 | D        | Killed a ghost moth
  3124 | D        | Killed a ghost moth
  3127 | D        | Noticed Donald
  3256 | D        | Killed Donald
  3691 | D        | Noticed a frost giant
  3691 | D        | Noticed a fire dragon
  3692 | D        | Noticed a storm dragon
  3703 | D        | Killed a fire dragon
  3704 | D        | Reached skill level 10 in Dodging
  3714 | D        | Reached skill level 10 in Armour
  3716 | D        | Noticed a frost giant
  3719 | D        | Killed a frost giant
  3728 | D        | Reached skill level 23 in Axes
  4007 | D        | Killed a storm dragon
  4008 | D        | Gained mutation: You are completely covered in slimy green
                  | scales. (AC +4, rPois) [demonic ancestry]
  4008 | D        | Reached XP level 14. HP: 116/128 MP: 14/14
  4071 | D        | Killed a frost giant
  4368 | D        | Noticed a stone giant
  4386 | D        | Killed a stone giant
  4397 | D        | Noticed a brown very ugly thing
  4411 | D        | Killed a brown very ugly thing
  4422 | D        | Noticed a stone giant
  4434 | D        | Killed a stone giant
  4450 | D        | Noticed a fire giant
  4464 | D        | Killed a fire giant
  4528 | D        | Noticed a vault warden
  4528 | D        | Noticed a vault warden
  4528 | D        | Noticed an ironbound preserver
  4533 | D        | Noticed an ironbound preserver
  4546 | D        | Killed an ironbound preserver
  4564 | D        | Killed an ironbound preserver
  4569 | D        | Killed a vault warden
  4572 | D        | Killed a vault warden
  4615 | D        | Noticed an Orb Guardian
  4649 | D        | Noticed a lich
  4650 | D        | Noticed an Orb Guardian
  4651 | D        | Killed a lich
  4654 | D        | Mangled by an Orb Guardian

Illustrated notes

Levels and vault maps discovered:
D:        linesprint [early_d, line_temple, items_1, d_10, items_2, lair_1,
          lair_end, items_3, orc_1, orc_end, items_4, d_15, swamp_1, shoals_1,
          snake_1, spider_1, d_20, vaults_1, items_5, swamp_end, shoals_end,
          snake_end, spider_end, vaults_end, d_27, items_6, zot_1, zot_end,
          crypt_end, forest_end, elf_end, slime_end, tomb_end, abyss_end,
          pan_hell_end]

Skill      XL: |  1  2  3  4  5  6  7  8  9 10 11 12 13 14 |
---------------+-------------------------------------------+-----
Armour         | 3 4 5 6 7 8 9 10 11 | 11.5
Shields        | 3 4 5 6 7 8 9 11 14 17 19 | 19.2
Maces & Flails | 2 |  2.7
Fighting       | 4 5 6 7 8 9 10 12 14 17 18 | 18.7
Axes           | 2 5 7 11 12 15 17 20 21 23 | 23.9
Dodging        | 1 2 3 4 5 6 8 10 12 | 12.0
Stealth        | 4 7 |  7.3

Action                     |  1- 3 |  4- 6 |  7- 9 | 10-12 | 13-15 || total
---------------------------+-------+-------+-------+-------+-------++-------
  Melee: Flail             |    28 |       |       |       |       ||    28
         Broad axe         |     7 |    12 |    60 |   356 |   406 ||   841
         Headbutt          |       |       |    11 |    84 |   123 ||   218
    Use: Potion            |     3 |       |     4 |     4 |    10 ||    21
         Scroll            |       |       |     2 |     2 |     9 ||    13
   Stab: Petrified         |       |       |       |     8 |       ||     8
         Invisible         |       |       |       |     6 |       ||     6
 Armour: Scale mail        |    10 |       |       |       |       ||    10
         Ring mail         |     6 |       |    16 |    57 |    66 ||   145
  Dodge: Dodged            |     9 |     5 |    22 |    63 |    97 ||   196
         Repelled          |       |       |       |     3 |     4 ||     7
  Block: Buckler           |    11 |       |    22 |   219 |   118 ||   370
         Kite shield       |       |       |       |       |   156 ||   156

Table legend: (Time is in decaauts)
 A = Elapsed time spent in this place.
 B = Non-inter-level travel time spent in this place.
 C = Inter-level travel time spent in this place.
 D = Time resting spent in this place.
 E = Time spent auto-exploring this place.
 F = Levels seen in this place.
 G = Mean time per level.
                   A        B        C        D        E       F      G
               +--------+--------+--------+--------+--------+-----+--------+
         Total |   4495 |   4495 |      0 |    758 |   2127 |   1 | 4495.0 |
       Dungeon |   4495 |   4495 |      0 |    758 |   2127 |   1 | 4495.0 |
               +--------+--------+--------+--------+--------+-----+--------+

Top non-repeatable levels by time:
       D: 4495 daAuts
